[Event "XXXIII Lower Silesian Cup 2017"]
[Site "Legnica"]
[Date "2017.12.08"]
[Round "2"]
[White "Tomczak, Mikolaj"]
[Black "Grela, Kacper"]
[Result "1/2-1/2"]
[ECO "C42"]
[WhiteElo "2372"]
[BlackElo "2293"]
[Annotator "RC"]
[PlyCount "121"]
[EventDate "2017.??.??"]
[EventType "tourn"]
[EventCountry "POL"]
[SourceTitle "playchess.com"]
[Source "ChessBase"]
[SourceQuality "1"]
[TimeControl "40/5400+30:900+30"]

1. e4 e5 2. Nf3 Nf6 3. Nxe5 d6 4. Nf3 Nxe4 5. Nc3 Nxc3 6. dxc3 Be7 7. Be3 O-O 8. Qd2 Nd7 9. O-O-O Ne5 10. h4 a5 11. Kb1 a4 12. a3 Ra5 13. h5 Bg4 14. Be2 Qc8 15. c4 b6 16. h6 g6 17. Nxe5 Rxe5 18. Bxg4 Qxg4 19. Qc3 f6 20. Bd4 Re6 21. f3 Qf4 22. c5 d5 23. cxb6 cxb6 24. Rhe1 Rxe1 25. Rxe1 Bd8 26. Be3 Qc4 27. Qd2 Bc7 28. Bd4 Qc6 29. Re7 Rf7 30. Qe3 Be5 31. Rxf7 Kxf7 32. Bxe5 fxe5 33. Qxe5 Qc4 34. Qe1 g5 35. g4 Kf6 36. Qf2 b5 37. Kc1 Qf4+ 38. Kd1 d4 39. Qe2 Qg3 40. Kd2 Qf4+ 41. Kd3 Qc1 42. Kxd4 Qxb2+ 43. Kd5 Qa2+ 44. Kd6 Kg6 45. Qe8+ Kxh6 46. Qf8+ Kg6 47. Qf5+ Kg7 48. Qxg5+ Kf7 49. Qf5+ Kg7 50. Qd3 Qb2 51. Kc5 b4 52. Qd7+ Kg6 53. Qf5+ Kg7 54. Qg5+ Kf7 55. Qf4+ Kg6 56. Qe4+ Kg5 57. Qxb4 Qxc2+ 58. Kb5 Qb3 59. Ka5 Qxf3 60. Qxa4 Qxg4 61. Qe8 1/2-1/2

[Event "XXXIII Lower Silesian Cup 2017"]
[Site "Legnica"]
[Date "2017.12.10"]
[Round "5"]
[White "Grela, Kacper"]
[Black "Teclaf, Pawel"]
[Result "1-0"]
[ECO "C03"]
[WhiteElo "2293"]
[BlackElo "2393"]
[Annotator "NA"]
[PlyCount "95"]
[EventDate "2017.??.??"]
[EventType "tourn"]
[EventCountry "POL"]
[SourceTitle "playchess.com"]
[Source "ChessBase"]
[SourceQuality "1"]
[TimeControl "40/5400+30:900+30"]

1. e4 e6 2. d4 d5 3. Nd2 a6 4. Ngf3 Nf6 5. e5 Nfd7 6. Bd3 c5 7. c3 Nc6 8. O-O {[%emt 0:02:11] C06: Französische Verteidigung (Tarrasch-Variante)} g5 9. b3 g4 10. Ne1 cxd4 11. cxd4 Nxd4 12. Qxg4 Nc6 13. f4 Nc5 14. Bb2 $146 (14. Qe2 $14) ({Vorgänger:} 14. Kh1 Qa5 15. Bc2 Nd4 {0-1 (58) Caspi,I (2460)-Nevednichy,V (2547) Rijeka 2010}) 14... Qb6 15. Rf2 Na4 16. bxa4 Bc5 17. Qg7 Rf8 18. Nb3 Bxf2+ 19. Kh1 Bxe1 20. Rxe1 Qb4 21. Rc1 Bd7 22. Qf6 Rc8 23. h4 Na5 24. Nxa5 Qxb2 25. Rb1 Rc1+ 26. Rxc1 Qxc1+ 27. Kh2 Qc7 28. Nb3 Qd8 29. Qh6 Qb6 $19 30. Bxh7 Qf2 31. Qf6 b6 32. h5 d4 33. Be4 Rg8 34. Bf3 d3 35. h6 Qg3+ 36. Kh1 Qg6 37. g4 Qh7 38. Qh4 Bxa4 39. Nd2 Rh8 40. g5 Kf8 41. Be4 f5 42. exf6 Qc7 43. g6 Qc1+ 44. Kh2 Qxd2+ 45. Bg2 Bc6 46. g7+ Kf7 47. Qh5+ Kg8 48. f7+ 1-0

[Event "XXXIII Lower Silesian Cup 2017"]
[Site "Legnica"]
[Date "2017.12.11"]
[Round "7"]
[White "Sieciechowicz, Marcin"]
[Black "Tomczak, Mikolaj"]
[Result "1/2-1/2"]
[ECO "D27"]
[WhiteElo "2387"]
[BlackElo "2372"]
[Annotator "NA"]
[PlyCount "61"]
[EventDate "2017.??.??"]
[EventType "tourn"]
[EventCountry "POL"]
[SourceTitle "playchess.com"]
[Source "ChessBase"]
[SourceQuality "1"]
[TimeControl "40/5400+30:900+30"]

1. d4 d5 2. c4 dxc4 3. e3 a6 4. Bxc4 e6 5. Nf3 c5 6. O-O Nf6 {[%emt 0:00:05] LiveBook: 7007 Games} 7. Nc3 b5 8. Be2 Bb7 9. a3 Nbd7 10. dxc5 Bxc5 11. b4 {[%emt 0:02:21] D27: Queen's Gambit Accepted: Classical main line: 7 e4!? and 7 a4} Be7 12. Bb2 O-O (12... Rc8 13. Qb3 Qb6 14. Rab1 O-O 15. a4 Bxf3 16. Bxf3 Ne5 17. Be2 Nc4 18. Rbd1 Bd6 {0-1 (33) Bachmann,A (2593)-Mamedyarov,S (2736) Berlin 2015}) 13. Qb3 Qb6 14. Nd4 Nd5 $146 ({Predecessor:} 14... Rac8 15. Rac1 Ne5 16. Ba1 Nc4 17. Rfd1 Nd5 18. Nf5 exf5 19. Nxd5 Bxd5 20. Rxd5 {½-½ (21) Dunkelblum,A-Van Scheltinga,T Dublin 1957}) 15. Bf3 Nxc3 16. Bxc3 Rac8 17. Rfd1 Rc7 18. Bb2 Bf6 19. Bxb7 Qxb7 20. a4 bxa4 21. Qxa4 Ra8 22. b5 Nb6 23. bxa6 Nxa4 24. axb7 Rxb7 25. Bc3 Rbb8 26. Be1 Nb2 27. Rxa8 Rxa8 28. Rd2 Nc4 29. Rd1 Rd8 30. Rc1 Bxd4 $11 31. Rxc4 1/2-1/2